Map: Catalyst LE

Players

Neeb - Winner!

  • Race: Protoss Protoss
  • Spawn Location: 5:00

Scarlett

  • Race: Zerg Zerg
  • League: Master
  • Spawn Location: 11:00

VOD

Have the link to the VOD?

Description

Time

  • Played on: Feb. 1, 2018, 5:24 p.m.
  • Length: 10:36
Show
View Real Time Build Order
Export as new Build Order

Neeb Protoss - Winner!

Build Orders: 1 Gate Expand, Oracle Opening, Phoenix Opening 

Get SALT Encoding   

  12  0:00  Probe  
  13  0:12  Probe  
  14  0:18  Pylon  
  14  0:24  Probe  
  15  0:29  Assimilator  
  15  0:36  Probe (Chrono Boost)  
  16  0:44  Gateway  
  16  0:49  Probe (Chrono Boost)  
  18  0:57  Probe (Chrono Boost)  
  18  1:03  Probe  
  19  1:15  Probe  
  20  1:26  Nexus  
  20  1:35  Cybernetics Core  
  20  1:37  Probe  
  21  1:44  Assimilator  
  21  1:49  Probe  
  21  1:54  Pylon  
  22  2:01  Probe  
  23  2:10  Adept (Chrono Boost)  
  23  2:13  Probe  
  26  2:20  Stargate  
  26  2:25  Probe  
  26  2:29  Adept (Chrono Boost)  
  27  2:35  Warp Gate  
  29  2:37  Probe (Chrono Boost)  
  29  2:43  Probe (Chrono Boost)  
  31  2:47  Probe (Chrono Boost)  
  31  2:50  Adept (Chrono Boost)  
  31  2:51  Probe (Chrono Boost)  
  33  2:52  Probe (Chrono Boost)  
  36  3:02  Probe  
  36  3:04  Probe, Oracle (Chrono Boost)  
  41  3:14  Probe  
  41  3:16  Probe, Pylon  
  43  3:26  Probe  
  42  3:28  Probe  
  41  3:35  Phoenix (Chrono Boost)  
  41  3:37  Gateway  
  41  3:38  Probe  
  44  3:41  Gateway  
  44  3:45  Pylon  
  44  3:46  Probe  
  47  3:50  Probe  
  47  3:54  Assimilator  
  46  3:56  Assimilator  
  46  3:57  Oracle (Chrono Boost)  
  46  3:58  Probe  
  50  4:04  Probe  
  50  4:07  Pylon  
  51  4:10  Probe  
  51  4:13  Twilight Council  
  51  4:16  Probe  
  53  4:22  Probe  
  54  4:28  Probe  
  54  4:30  Pylon  
  55  4:34  Probe  
  56  4:40  Probe, Adept  
  56  4:41  Adept x2  
  56  4:44  Resonating Glaives (Chrono Boost)  
  63  4:47  Probe  
  64  4:55  Nexus  
  64  4:56  Pylon  
  64  4:58  Probe  
  64  4:59  Probe  
  66  5:05  Adept x2  
  70  5:09  Adept  
  70  5:10  Probe  
  70  5:11  Probe  
  70  5:13  Pylon  
  74  5:23  Probe x2  
  73  5:29  Adept x3  
  73  5:35  Probe x2  
  75  5:44  Robotics Facility  
  75  5:46  Shield Battery  
  75  5:50  Adept x3  
  75  5:51  Probe  
  75  5:54  Probe  
  81  6:01  Pylon  
  81  6:03  Probe  
  82  6:07  Probe, Assimilator  
  82  6:09  Probe  
  82  6:10  Adept  
  82  6:11  Sentry x2  
  90  6:12  Assimilator  
  90  6:15  Probe  
  91  6:19  Probe  
  91  6:21  Probe  
  93  6:27  Probe  
  93  6:31  Probe  
  91  6:33  Probe  
  91  6:35  Charge  
  91  6:37  Templar Archives  
  91  6:39  Probe, Immortal (Chrono Boost)  
  85  6:44  Robotics Bay  
  85  6:46  Sentry x2  
  89  6:47  Sentry  
  89  6:51  Pylon  
  89  6:55  Gateway  
  89  6:56  Forge  
  89  6:58  Gateway  
  89  7:00  Gateway  
  89  7:03  Pylon  
  89  7:07  Shield Battery  
  89  7:15  Adept x3  
  96  7:19  Protoss Ground Weapons Level 1 (Chrono Boost)  
  96  7:21  Extended Thermal Lance  
  96  7:27  Observer (Chrono Boost)  
  96  7:29  Gateway  
  96  7:30  Gateway  
  96  7:34  Gateway  
  96  7:35  Stalker x2  
  96  7:36  Pylon, Stalker  
  102  7:38  Colossus (Chrono Boost)  
  102  7:41  Pylon  
  108  7:57  Probe x2  
  108  7:58  Probe  
  111  8:02  Nexus  
  111  8:09  Probe  
  111  8:10  Probe x2  
  114  8:19  Pylon  
  114  8:20  Pylon, Colossus (Chrono Boost)  
  114  8:21  Probe, Photon Cannon  
  114  8:22  Probe  
  114  8:24  Photon Cannon x2  
  114  8:25  Pylon  
  122  8:27  High Templar x3  
  122  8:28  High Templar  
  122  8:31  Zealot  
  122  8:34  Archon x2  
  132  8:42  Photon Cannon  
  132  8:45  Assimilator  
  132  8:48  Assimilator  
  132  8:52  Zealot x3, High Templar x2  
  142  8:57  Archon  
  142  9:04  Colossus (Chrono Boost)  
  142  9:06  Pylon  
  148  9:22  Zealot, High Templar x2  
  148  9:23  Zealot x4  
  158  9:27  Pylon  
  158  9:29  Archon  
  154  9:46  Zealot x6  
  154  9:47  Zealot  
  168  9:53  Warp Prism  
  168  9:59  High Templar x2  
  174  10:06  Gateway  
  174  10:07  Gateway  
  174  10:11  Zealot x2, High Templar  
  174  10:12  High Templar x2  
  184  10:19  Nexus  
  160  10:30  Zealot x2  
Show
View Real Time Build Order
Export as new Build Order

Scarlett Zerg 

Build Orders: Hatch First, Lurkers 

Get SALT Encoding   

  12  0:00  Drone  
  13  0:12  Overlord  
  13  0:17  Drone  
  14  0:31  Drone x2  
  16  0:48  Hatchery  
  15  0:52  Drone  
  15  0:55  Drone  
  17  0:58  Drone  
  18  1:10  Extractor  
  17  1:14  Spawning Pool  
  17  1:17  Drone  
  17  1:20  Drone  
  18  1:29  Drone  
  19  1:39  Drone  
  20  1:49  Overlord  
  20  2:01  Queen  
  20  2:02  Queen  
  20  2:03  Zergling x4  
  26  2:12  Drone x2  
  26  2:13  Metabolic Boost  
  28  2:23  Drone x2  
  30  2:37  Hatchery  
  30  2:39  Drone  
  30  2:41  Drone  
  31  2:48  Queen  
  33  2:53  Overlord  
  33  2:55  Drone  
  34  3:02  Drone x2  
  36  3:13  Drone, Zergling x4  
  36  3:14  Drone x2  
  36  3:15  Drone  
  40  3:25  Spore Crawler  
  36  3:30  Drone x2  
  36  3:33  Drone  
  39  3:37  Evolution Chamber  
  39  3:41  Drone  
  39  3:42  Overlord  
  39  3:46  Drone x3  
  42  3:52  Queen  
  44  3:59  Spore Crawler  
  44  4:00  Drone x3  
  44  4:01  Drone  
  47  4:06  Zerg Melee Weapons Level 1  
  47  4:08  Drone x2  
  50  4:17  Drone x5  
  50  4:20  Overlord  
  50  4:23  Spore Crawler  
  53  4:25  Overlord  
  53  4:36  Spore Crawler  
  51  4:43  Drone x3, Overlord  
  51  4:45  Drone x5  
  59  4:49  Lair  
  56  5:00  Drone x4  
  56  5:01  Drone, Zergling x6  
  63  5:07  Zergling x6  
  63  5:13  Queen  
  68  5:14  Zergling x2  
  68  5:15  Zergling x6  
  72  5:24  Overlord  
  72  5:25  Overlord  
  70  5:31  Drone x4  
  72  5:39  Extractor  
  72  5:40  Extractor, Overlord  
  72  5:42  Drone  
  71  5:43  Drone x5  
  71  5:58  Drone x4  
  71  6:00  Zerg Missile Weapons Level 1, Zergling x4  
  71  6:03  Hatchery  
  76  6:05  Zergling x2  
  76  6:06  Zergling x2  
  76  6:07  Extractor  
  76  6:09  Zergling x14  
  76  6:10  Hydralisk Den  
  83  6:16  Zergling x2  
  78  6:29  Drone x7  
  65  6:40  Drone  
  65  6:41  Drone x7  
  71  6:47  Drone x2, Queen  
  71  6:52  Grooved Spines  
  74  6:55  Drone x3  
  74  7:00  Extractor  
  76  7:05  Drone x2  
  78  7:12  Drone  
  78  7:15  Drone  
  78  7:17  Drone x3  
  78  7:18  Drone x2, Overlord  
  78  7:22  Extractor  
  82  7:26  Hydralisk  
  82  7:27  Hydralisk x7  
  98  7:30  Overlord  
  98  7:32  Spore Crawler  
  98  7:35  Drone  
  98  7:41  Drone x2  
  98  7:42  Lurker Den  
  99  7:46  Evolution Chamber, Drone x2  
  99  7:51  Drone  
  101  7:57  Hydralisk x5  
  111  8:00  Zergling x2  
  111  8:01  Zergling x14  
  119  8:08  Overlord  
  119  8:18  Overseer  
  117  8:23  Hydralisk  
  117  8:24  Overlord x3  
  119  8:32  Drone x3  
  119  8:33  Drone x6  
  128  8:42  Infestation Pit  
  128  8:44  Drone x9  
  128  8:47  Extractor  
  128  8:48  Extractor, Hydralisk x4, Muscular Augments  
  142  8:56  Pneumatized Carapace  
  142  8:58  Hydralisk  
  142  8:59  Zergling x10  
  149  9:08  Spore Crawler, Drone x3, Spine Crawler  
  149  9:09  Drone x2  
  152  9:10  Spine Crawler  
  152  9:14  Zergling x2  
  152  9:15  Zergling x2  
  152  9:16  Lurker x3  
  149  9:19  Drone x5  
  152  9:26  Overlord  
  152  9:27  Overlord x2  
  152  9:29  Overlord  
  152  9:33  Overseer  
  151  9:41  Hydralisk  
  151  9:42  Hydralisk x3  
  152  9:46  Lurker x2  
  152  9:51  Zergling x2, Lurker  
  152  9:52  Zergling x20  
  166  10:09  Hatchery  
  166  10:11  Overlord  
  166  10:12  Overlord  
Tags
 
Add a new tag
Caveats
  • Supply blocks, unpowered buildings, or Contaminate may cause inaccurate times.
  • Supply counts are checked every 10 seconds.